AoeStats
← GonzArg

Arabia

504606073Analyzed
1v1 RM · 25d ago on Sep 5, 2026· 44m 28s· 2 players
Game mode
Random Map
Map size
Tiny (2 player)
Population
200
Speed
Normal
Resources
Standard
Victory
Conquest
Starting age
Dark Age
Ending age
Imperial Age
RankedLock teamsTeams togetherTeam positionsShared explorationLock speedFull tech treeHidden civsTurbo modeCheats
Victory
Defeat
🇦🇷 Franks · Argentina
812
+17
🇦🇷 Vikings · Argentina
825
-44
GonzArg
10:49 Feudal Age
9:05 Loom
11:20 Double-Bit Axe
12:18 Wheelbarrow
13:00 Town Watch
19:08 Castle Age
17:11 Fletching
19:13 Forging
19:47 Bodkin Arrow
21:29 Scale Barding Armor
25:59 Stone Mining
26:52 Ballistics
28:51 Iron Casting
28:21 Gold Mining
35:01 Town Patrol
39:55 Imperial Age
38:46 Chain Barding Armor
44:26 Chemistry
Khabib2214
12:37 Feudal Age
16:24 Double-Bit Axe
17:35 Man-at-Arms
24:24 Castle Age
23:07 Gold Mining
23:16 Stone Mining
23:16 Loom
25:41 Long Swordsman
25:45 Crossbowman
26:16 Town Watch
28:58 Bow Saw
28:51 Elite Skirmisher
29:37 Town Patrol
34:17 Forging
34:07 Scale Mail Armor
42:24 Imperial Age
Connection lost

Rejoining the realm…

Still unreachable

The connection could not be restored.

Session expired

The server has moved on; the page needs a fresh start.